 Dungeon Crawl Stone Soup version 0.27-a0-998-g4cfe56dd59 (webtiles) character file.

Game seed: 18174687077716728378

280826 tardwrangler69 the Gelid (level 19, -2/146 (166) HPs)
             Began as a Yellow Draconian Earth Elementalist on Apr 16, 2021.
             Was the Champion of Vehumet.
             Killed from afar by a molten gargoyle (4 damage)
             ... with a bolt of magma
             ... in the Desolation of Salt.
             The game lasted 02:04:35 (67533 turns).

tardwrangler69 the Gelid (DrEE)                    Turns: 67533, Time: 02:04:36

HP:   -2/146 (166)  AC: 20    Str: 10    XL:     19   Next: 69%
MP:   17/33         EV: 17    Int: 34    God:    Vehumet [******]
Gold: 3259          SH: 20    Dex: 16    Spells: 10/38 levels left

rFire    + . .     SeeInvis .   V - staff of cold
rCold    + + .     Faith    .   t - +2 kite shield {rC+ rF+}
rNeg     . . .     Spirit   .   (armour unavailable)
rPois    .         Reflect  +   Q - +1 hat of Makhleb's Respect {Fly}
rElec    .         Harm     .   j - +2 cloak
rCorr    +         Rampage  .   N - +0 pair of fencer's gloves {Riposte Dex+3}
Will     +....                  F - +0 pair of boots {Fly}
Stlth    ++........             h - amulet of reflection
HPRegen  0.34/turn              a - ring "Foefui" {AC+4 Int+5}
MPRegen  0.23/turn              c - +6 ring of intelligence

@: flying, heavily drained
A: spit acid, AC +10, unfitting armour, acidic bite, cold-blooded, acid
resistance
}: 2/15 runes: serpentine, barnacled
a: Breathe Acid, Renounce Religion


You were in the Desolation of Salt.
You worshipped Vehumet.
Vehumet was exalted by your worship.
You visited 7 branches of the dungeon, and saw 34 of its levels.
You also visited: Gauntlet, Ice Cave and Desolation.

You collected 5708 gold pieces.
You spent 2449 gold pieces at shops.

Inventory:

Missiles
 b - 891 stones
 e - 8 boomerangs of dispersal
 i - 2 curare-tipped darts
Armour
 j - a +2 cloak (worn)
 t - a +2 kite shield of resistance (worn)
 F - a +0 pair of boots of flying (worn)
 N - the +0 pair of fencer's gloves (worn) {Riposte Dex+3}
   (You bought it in a shop on level 2 of the Orcish Mines)

   It affects your dexterity (+3).
 Q - the +1 hat of Makhleb's Respect (worn) {Fly}
   (You found it in a Gauntlet)

   It grants you flight.
Magical Staves
 f - a staff of earth
 V - a staff of cold (weapon)
Jewellery
 a - the ring "Foefui" (left hand) {AC+4 Int+5}
   (You acquired it on level 9 of the Dungeon)

   [ring of protection]

   It affects your AC (+4).
   It affects your intelligence (+5).
 c - a +6 ring of intelligence (right hand)
 h - an amulet of reflection (around neck)
 o - the amulet "Peos" {RegenMP *Slow rPois rC+ Str+4}
   (You found it on level 4 of the Shoals)

   [amulet of magic regeneration]

   It increases your rate of magic regeneration.
   It affects your strength (+4).
   It protects you from cold.
   It protects you from poison.
   It may slow you when you take damage.
 I - a ring of protection from cold
 J - a ring of protection from fire
 L - a +4 ring of evasion
 O - a ring of poison resistance
Wands
 m - a wand of charming (11)
 u - a wand of iceblast (59)
 z - a wand of paralysis (22)
 B - a wand of flame (58)
 D - a wand of polymorph (27)
 U - a wand of acid (14)
Scrolls
 d - 3 scrolls of fear
 g - 9 scrolls of enchant armour
 q - 4 scrolls of fog
 r - 2 scrolls of magic mapping
 y - 4 scrolls of vulnerability
 A - 7 scrolls of identify
 C - 4 scrolls of enchant weapon
 E - 6 scrolls of teleportation
 G - a scroll of blinking
 T - 3 scrolls of amnesia
 Y - a scroll of acquirement
Potions
 k - 5 potions of haste
 l - 17 potions of curing
 n - 4 potions of berserk rage
 p - a potion of ambrosia
 s - 10 potions of heal wounds
 v - 5 potions of lignification
 w - 2 potions of attraction
 x - 8 potions of brilliance
 K - 4 potions of mutation
 M - 4 potions of invisibility
 W - a potion of cancellation
 X - a potion of might
 Z - 3 potions of resistance
Miscellaneous
 H - a phantom mirror (inert)
 R - a piece from Xom's chessboard (15/15)
 S - a phantom mirror (inert)


   Skills:
 - Level 13.8 Fighting
 - Level 8.7 Staves
 - Level 10.0 Dodging
 - Level 1.7 Stealth
 + Level 14.9 Shields
 - Level 10.0 Spellcasting
 - Level 8.0 Conjurations
 - Level 1.0 Transmutations
 - Level 1.0 Fire Magic
 + Level 19.7 Ice Magic
 - Level 14.4 Earth Magic
 - Level 8.0 Poison Magic
 - Level 8.0 Evocations


You had 10 spell levels left.
You knew the following spells:

 Your Spells              Type           Power      Damage    Failure   Level
a - Sandblast             Erth           100%       2d20      0%          1
b - Stone Arrow           Conj/Erth      100%       3d13      1%          3
c - Lee's Rapid Deconstr  Erth           43%        3d22*     1%          5
d - Olgreb's Toxic Radia  Pois           63%        N/A       1%          4
e - Ignite Poison         Fire/Tmut/Pois 39%        N/A       1%          3
f - Iskenderun's Battles  Conj           63%        2d11      1%          5
g - Ozocubu's Refrigerat  Ice            61%        4d17      1%          7

Your spell library contained the following spells:

 Spells                   Type           Power      Damage    Failure   Level
 Absolute Zero            Ice            61%        ∞         21%         9
 Lehudib's Crystal Spear  Conj/Erth      37%        10d9      41%         8
 Fire Storm               Conj/Fire      23%        8d6       100%        9
 Freeze                   Ice            100%       1d11      0%          1
 Magic Dart               Conj           100%       1d8       1%          1
 Sting                    Tmut/Pois      100%       1d8       1%          1
 Ensorcelled Hibernation  Hex/Ice        100%       N/A       1%          2
 Passwall                 Tmut/Erth      51%        N/A       1%          2
 Poisonous Vapours        Pois/Air       88%        N/A       1%          2
 Searing Ray              Conj           100%       3d7       1%          2
 Dazzling Flash           Conj/Hex       88%        N/A       1%          3
 Mephitic Cloud           Conj/Pois/Air  52%        N/A       1%          3
 Spider Form              Tmut/Pois      23%        N/A       1%          3
 Fulminant Prism          Conj/Hex       22%        3d13      1%          4
 Iskenderun's Mystic Bla  Conj/Tloc      44%        2d10      1%          4
 Leda's Liquefaction      Hex/Erth       30%        N/A       1%          4
 Petrify                  Tmut/Erth      62%        N/A       1%          4
 Sticky Flame             Conj/Fire      47%        2d6       1%          4
 Bolt of Magma            Conj/Fire/Erth 31%        4d14      1%          5
 Metabolic Englaciation   Hex/Ice        45%        N/A       1%          5
 Iron Shot                Conj/Erth      37%        9d7       1%          6
 Corona                   Hex            18%        N/A       2%          1
 Wereblood                Tmut           23%        N/A       2%          2
 Freezing Cloud           Conj/Ice/Air   44%        6-21      2%          6
 Fireball                 Conj/Fire      23%        3d11      3%          5
 Confusing Touch          Hex            17%        N/A       8%          3
 Gell's Gravitas          Tloc           8%         N/A       8%          3
 Portal Projectile        Hex/Tloc       34%        N/A       8%          3
 Tukima's Dance           Hex            17%        N/A       8%          3
 Yara's Violent Unravell  Hex/Tmut       10%        3d6       16%         5
 Starburst                Conj/Fire      23%        8x6d8     17%         6
 Statue Form              Tmut/Erth      41%        N/A       17%         6
 Manifold Assault         Tloc           17%        N/A       58%         5
 Summon Forest            Summ/Tloc      8%         N/A       58%         5
 Shatter                  Erth           43%        3d33*     83%         9
 Haunt                    Necr/Summ      8%         N/A       100%        7
 Malign Gateway           Summ/Tloc      8%         N/A       100%        7
 Monstrous Menagerie      Summ           8%         N/A       100%        7
 Ignition                 Fire           11%        3d5       100%        8
 Summon Horrible Things   Summ           8%         N/A       100%        8
 Animate Armour           Summ/Erth      Unusable   N/A       N/A         4

Dungeon Overview and Level Annotations

Branches:
Dungeon (15/15)            Temple (1/1) D:5            Lair (6/6) D:11
 Shoals (4/4) Lair:2        Snake (4/4) Lair:3        Slime (0/5) Lair:6
    Orc (2/2) D:10            Elf (2/3) Orc:2        Vaults (0/5) D:13
 Depths (0/5) D:15          IceCv (visited)         Desolation (1/1)
Gauntlet (visited)

Altars:
Ashenzari
Cheibriados
Dithmenos
Elyvilon
Fedhas
Gozag
Hepliaklqana
Kikubaaqudgha
Nemelex Xobeh
Okawaru
Qazlal
Ru
Sif Muna
Trog
Uskayaw
Vehumet
Wu Jian
Xom
Zin
The Shining One
Beogh
Jiyva

Shops:
D:1 :   D:13 :[=:(   D:14 *[   Orc:2 =[:(   Elf:1 *   Elf:2 [=   Shoals:3 !
Snake:3 =

Portals:
Trove: D:15 (give +2 gold dragon scales)

Annotations:
D:5 3 runed translucent doors, Sobieck's ghost, novice DEFE
D:7 2 runed translucent doors
D:9 2 runed translucent doors, mojowtm's ghost, journeyman MiBe
D:10 exclusions: ice statue and orange crystal statue
Snake:2 2 transporters, Roxanne; thegreatwait's ghost, adept MiMo


Innate Abilities, Weirdness & Mutations

You can spit globs of acid.
Your golden yellow scales are hard. (AC +10)
You cannot fit into any form of body armour.
You have acidic saliva.
You are cold-blooded and may be slowed by cold attacks.
You are resistant to acid. (rCorr)


Message History

The bolt of negative energy hits you!!!
You feel drained.
* * * LOW HITPOINT WARNING * * *
You feel much better.
The halazid warlock gestures wildly while chanting.
Casting: Stone Arrow (safe; 1% risk of failure)
Confirm with . or Enter, or press ? or * to list all spells.
Aiming: Stone Arrow (safe; 1% risk of failure)
Press: ? - help, Shift-Dir - straight line, f/p - halazid warlock
Aim: a halazid warlock (heavily damaged, 72% to hit)
The stone arrow hits the halazid warlock!!
The halazid warlock is severely damaged.
Casting: Stone Arrow (safe; 1% risk of failure)
Confirm with . or Enter, or press ? or * to list all spells.
Aiming: Lee's Rapid Deconstruction (safe; 1% risk of failure)
Press: ? - help, Dir - move target, p - halazid warlock A rock wall.
The wall shatters!
The blast of rock fragments hits the halazid warlock!
The halazid warlock is almost destroyed.
The blast of rock fragments hits the saltling but does no damage.
You hear a shout!
The molten gargoyle blasts magma at you!
The bolt of magma hits you. You partially resist.
* * * LOW HITPOINT WARNING * * *
Casting: Lee's Rapid Deconstruction (safe; 1% risk of failure)
Confirm with . or Enter, or press ? or * to list all spells.
Aiming: Stone Arrow (safe; 1% risk of failure)
Press: ? - help, Shift-Dir - straight line, f - saltling
Aim: a saltling (summoned, 92% to hit)
The stone arrow hits the saltling!
The saltling is severely damaged.
The saltling completely misses you.
The halazid warlock points at the saltling and mumbles some strange words.
The saltling's animating energy erupts into ghostly fire!
The ghostly flame explodes!
The ghostly fireball engulfs you!!!
You feel drained.
* * * LOW HITPOINT WARNING * * *
The molten gargoyle blasts magma at you!
The bolt of magma hits you. You partially resist.
You die...

........................
.........................
................§§.......
§..§#..............#.§§........
.....................§§........
..................).#..........
##............∩................
...............................
............9.@................
#.............................
#..........L.............#....
.............8.................
.§.§§§§....#...................
§§§§§§§..a............§........
.§....§...§..........§§§§......
§#§.§§§.§§§......##..§§§§§.....
#§§§§§.§.§§.....#.....§.§.....


You could see a servant of whispers (summoned), a halazid warlock, a molten
gargoyle and a saltling (summoned).

Vanquished Creatures
  Mara (Shoals:4)
  Vashnia (Snake:4)
  A titan (Shoals:1)
  A kraken (Shoals:3)
  3 nagarajas (Snake:4)
  3 frost giants
  An imperial myrmidon (Desolation)
  A deep elf demonologist (Elf:2)
  A halazid warlock (Desolation)
  A deep elf annihilator (Elf:1)
  2 salamander tyrants (Snake:4)
  10 merfolk impalers
  3 merfolk javelineers
  A ragged hierophant (Desolation)
  A deep elf high priest (Elf:1)
  An ettin (Orc:1)
  2 fire dragons (D:15)
  4 vault guards (D:13)
  5 hydras
  7 peacekeepers
  21 naga warriors
  4 boulder beetles
  9 servants of whispers (Desolation)
  Erolcha (D:13)
  3 merfolk avatars
  Erica (D:11)
  6 two-headed ogres
  4 catoblepae
  8 anacondas
  7 centaur warriors
  A merfolk aquamancer (Shoals:3)
  5 dancing weapons
  An alligator snapping turtle (Shoals:2)
  3 tengu warriors (D:15)
  Urug (Orc:2)
  7 death yaks
  5 satyrs
  10 orc high priests (Orc:2)
  13 naga sharpshooters
  8 deep elf knights
  Sonja (Lair:4)
  4 shock serpents
  A shadow wraith (D:14)
  A skeletal warrior (D:14)
  2 salamander mystics (Snake:4)
  15 sea snakes
  9 naga ritualists
  4 deep elf archers
  2 ironbound convokers (Desolation)
  Pikel (D:8)
  17 harpies
  19 deep elf zephyrmancers
  A necromancer (IceCv)
  7 mana vipers
  4 stone giant zombies (Orc:1)
  A wolf spider (D:15)
  17 salamanders
  14 deep elf pyromancers
  An orc knight (D:15)
  26 cyclopes
  17 manticores
  22 fauns
  A moth of wrath (Gauntlet)
  3 water nymphs
  24 black mambas
  A gargoyle (D:13)
  11 guardian serpents
  14 naga magi
  12 cane toads
  16 elephants
  6 merfolk sirens
  A cane toad (shapeshifter) (D:15)
  An ice statue (IceCv)
  An unseen horror (D:10)
  An efreet (D:14)
  A rime drake (Lair:1)
  13 komodo dragons
  An ice devil (Gauntlet)
  A tengu conjurer (D:15)
  11 freezing wraiths
  43 merfolk
  3 trolls
  2 polar bears (Lair:5)
  7 wind drakes
  34 saltlings (Desolation)
  A slime creature (D:13)
  Prince Ribbit (Lair:3)
  24 blink frogs
  15 dream sheep
  A meliai zombie (D:6)
  11 snapping turtles
  Sigmund (D:2)
  2 shadows
  4 water elementals
  8 wyverns
  A vampire (D:11)
  3 redbacks (Gauntlet)
  2 wraiths
  88 yaks
  A fire bat (Gauntlet)
  A hog (shapeshifter) (D:14)
  2 chaos spawn (D:15)
  2 steam dragons
  6 vampire mosquitoes
  2 death yak simulacra (IceCv)
  4 basilisks
  15 wargs
  46 nagas
  32 water moccasins
  2 acid dragons
  21 orc warriors
  18 ice beasts
  3 sky beasts
  12 ogres
  A black bear (D:7)
  8 necrophages
  16 wolves
  A lemure (D:8)
  30 centaurs
  A phantom (D:4)
  Blork the orc (D:5)
  3 kobold brigands
  4 scorpions
  8 bullfrogs
  A wyvern zombie (D:8)
  3 earth elementals (Elf:1)
  A water moccasin skeleton (D:7)
  12 killer bees (D:9)
  8 wights
  6 electric eels (D:11)
  2 centaur zombies
  A hound (D:7)
  18 jellies
  2 bullfrog zombies (D:5)
  6 draconian simulacra (IceCv)
  Crazy Yiuf (D:2)
  A centaur skeleton (D:6)
  34 orc priests
  3 bullfrog skeletons
  Ijyb (D:5)
  3 iguanas
  19 orc wizards
  2 gnoll shamans
  5 hell rats (Lair:6)
  A polar bear simulacrum (IceCv)
  3 troll simulacra (IceCv)
  A wolf simulacrum (IceCv)
  4 centaur simulacra
  A hound skeleton (D:4)
  A howler monkey zombie (D:9)
  16 gnolls
  A howler monkey skeleton (D:7)
  21 adders
  4 naga simulacra (IceCv)
  4 ogre simulacra (IceCv)
  A shadow imp (D:7)
  19 white imps
  2 ufetubi
  3 worms
  4 dart slugs
  94 orcs
  6 bats
  8 endoplasms
  5 giant cockroaches
  8 goblins
  11 hobgoblins
  2 jackals (D:5)
  4 quokkas
  10 ball pythons
  A frilled lizard (D:3)
  21 kobolds
  5 rats
  2 tentacles (Shoals:3)
1356 creatures vanquished.

Vanquished Creatures (others)
  A naga warrior (Snake:4)
  An orc (D:5)
  45 fungi
  308 plants
  2 tentacles (Shoals:3)
357 creatures vanquished.

Grand Total: 1713 creatures vanquished

Notes
Turn   | Place    | Note
-------+----------+-------------------------------------------
     0 | D:1      | tardwrangler69 the Draconian Earth Elementalist began the
                  | quest for the Orb.
     0 | D:1      | Reached XP level 1. HP: 14/14 MP: 3/3
   610 | D:1      | Found Xujer's Book Shoppe.
   649 | D:1      | Reached XP level 2. HP: 17/20 MP: 5/5
  1379 | D:1      | Found a faded altar of an unknown god.
  1800 | D:2      | Reached XP level 3. HP: 26/26 MP: 6/6
  1852 | D:2      | Found a runed translucent door.
  1853 | D:2      | Noticed Crazy Yiuf
  2007 | D:2      | Reached XP level 4. HP: 33/33 MP: 8/8
  2473 | D:2      | Noticed Sigmund
  2484 | D:2      | Killed Sigmund
  2485 | D:2      | Reached skill level 5 in Earth Magic
  2485 | D:2      | Reached XP level 5. HP: 18/38 MP: 3/10
  3680 | D:2      | Killed Crazy Yiuf
  3681 | D:2      | Reached XP level 6. HP: 37/45 MP: 6/11
  3835 | D:3      | Learned a level 3 spell: Stone Arrow
  3868 | D:3      | Reached skill level 1 in Conjurations
  5037 | D:4      | Learned a level 5 spell: Lee's Rapid Deconstruction
  5272 | D:4      | Your scales start taking on a golden yellow colour.
  5272 | D:4      | Reached XP level 7. HP: 50/50 MP: 5/13
  5272 | D:4      | Gained mutation: You are resistant to acid. (rCorr) [Yellow
                  | Draconian growth]
  6201 | D:5      | Entered Level 5 of the Dungeon
  7264 | D:5      | Reached XP level 8. HP: 57/57 MP: 4/15
  7379 | D:5      | Found a staircase to the Ecumenical Temple.
  7387 | D:5      | Noticed Blork the orc
  7390 | Temple   | Entered the Ecumenical Temple
  7512 | Temple   | Became a worshipper of Vehumet
  7557 | D:5      | Killed Blork the orc
  7664 | D:5      | Found a runed translucent gate.
  7664 | D:5      | Found a runed translucent gate.
  7664 | D:5      | Found a runed translucent gate.
  7664 | D:5      | Noticed Sobieck's ghost (novice DEFE)
  8060 | D:5      | Reached skill level 5 in Spellcasting
  8219 | D:5      | Noticed Ijyb
  8229 | D:5      | Killed Ijyb
  8450 | D:5      | Found a shimmering altar of Xom.
  8461 | D:5      | Found a sparkling altar of Nemelex Xobeh.
  8621 | D:6      | Reached skill level 5 in Conjurations
  9518 | D:6      | Reached XP level 9. HP: 55/62 MP: 3/16
  9635 | D:6      | Reached skill level 10 in Earth Magic
 10276 | D:7      | Noticed a two-headed ogre
 10288 | D:7      | Killed a two-headed ogre
 10429 | D:7      | Reached * piety under Vehumet
 10429 | D:7      | Offered knowledge of Magic Dart by Vehumet.
 10586 | D:7      | Found a runed translucent door.
 10586 | D:7      | Found a runed translucent door.
 10586 | D:7      | Noticed a boulder beetle
 10938 | D:7      | Reached skill level 1 in Fighting
 11212 | D:7      | Reached XP level 10. HP: 73/73 MP: 10/17
 11302 | D:7      | Found an iron altar of Okawaru.
 11342 | D:7      | Found a sacrificial altar of Ru.
 11346 | D:7      | Found a blossoming altar of Fedhas.
 11347 | D:7      | Found a hide-covered altar of Uskayaw.
 11347 | D:7      | Found a stormy altar of Qazlal.
 11575 | D:7      | Noticed a deep elf zephyrmancer
 11578 | D:7      | Killed a deep elf zephyrmancer
 12147 | D:8      | Reached ** piety under Vehumet
 12147 | D:8      | Offered knowledge of Shock by Vehumet.
 12217 | D:8      | Reached skill level 5 in Fighting
 12547 | D:8      | Noticed Pikel
 12556 | D:8      | Killed Pikel
 12557 | D:8      | Reached skill level 5 in Dodging
 13222 | D:9      | Noticed a two-headed ogre
 13224 | D:9      | Found a large runed translucent door.
 13225 | D:9      | Found a large runed translucent door.
 13230 | D:9      | Killed a two-headed ogre
 13327 | D:9      | Noticed mojowtm's ghost (journeyman MiBe)
 13572 | D:9      | Reached XP level 11. HP: 80/91 MP: 15/18
 13996 | D:9      | Noticed a two-headed ogre
 14186 | D:9      | Killed a two-headed ogre
 14329 | D:9      | Found a viscous altar of Jiyva.
 14454 | D:9      | Offered knowledge of Static Discharge by Vehumet.
 14738 | D:9      | Identified 2 scrolls of acquirement
 14743 | D:9      | Acquired the ring "Foefui" {AC+4 Int+5}
 14816 | D:10     | Entered Level 10 of the Dungeon
 15164 | D:10     | Learned a level 4 spell: Olgreb's Toxic Radiance
 15480 | D:10     | Found a staircase to the Orcish Mines.
 15626 | D:10     | Reached skill level 1 in Poison Magic
 15766 | D:10     | Noticed an orange crystal statue
 16156 | D:11     | Reached *** piety under Vehumet
 16544 | D:11     | Noticed Erica
 16549 | D:11     | Killed Erica
 16866 | D:11     | Noticed an eight-headed hydra
 16873 | D:11     | Killed an eight-headed hydra
 16979 | D:11     | Noticed a two-headed ogre
 16982 | D:11     | Killed a two-headed ogre
 17084 | D:11     | Found a staircase to the Lair.
 18201 | D:12     | Noticed a catoblepas
 18224 | D:12     | Offered knowledge of Conjure Flame by Vehumet.
 18382 | D:12     | Reached XP level 12. HP: 104/104 MP: 11/19
 18663 | D:12     | Killed a catoblepas
 18664 | D:12     | Reached skill level 5 in Poison Magic
 18904 | D:12     | Noticed a boulder beetle
 18968 | Lair:1   | Entered Level 1 of the Lair of Beasts
 19162 | Lair:1   | Reached **** piety under Vehumet
 19292 | Lair:1   | Reached skill level 10 in Fighting
 19293 | Lair:1   | Offered knowledge of Bolt of Magma by Vehumet.
 20593 | Lair:2   | Noticed a four-headed hydra
 20597 | Lair:2   | Killed a four-headed hydra
 21079 | Lair:2   | Reached ***** piety under Vehumet
 21079 | Lair:2   | Offered knowledge of Iskenderun's Battlesphere by Vehumet.
 21353 | Lair:2   | Learned a level 3 spell: Ignite Poison
 21399 | Lair:2   | Found a staircase to the Shoals.
 21657 | Lair:2   | Reached XP level 13. HP: 116/116 MP: 8/20
 21978 | Lair:2   | Reached skill level 10 in Dodging
 22646 | Lair:2   | Learned a level 5 spell: Iskenderun's Battlesphere
 23152 | Lair:3   | Noticed Prince Ribbit
 23164 | Lair:3   | Killed Prince Ribbit
 23353 | Lair:3   | Found a staircase to the Snake Pit.
 24128 | Lair:4   | Noticed Sonja
 24131 | Lair:4   | Killed Sonja
 24131 | Lair:4   | Offered knowledge of Fulminant Prism by Vehumet.
 25322 | Lair:5   | Found a gate leading to a gauntlet.
 25331 | Gauntlet | Entered a Gauntlet
 25331 | Gauntlet | Found a transporter.
 25451 | Gauntlet | Found a transporter.
 25466 | Gauntlet | Found a transporter.
 25471 | Gauntlet | Found a transporter.
 25491 | Gauntlet | Found a transporter.
 25505 | Gauntlet | Found a transporter.
 25509 | Gauntlet | Noticed an entropy weaver
 25517 | Gauntlet | Found a transporter.
 25523 | Gauntlet | Found a transporter.
 25538 | Gauntlet | Found a transporter.
 25542 | Gauntlet | Noticed a quicksilver ooze
 25544 | Gauntlet | Found a transporter.
 25559 | Gauntlet | Found a transporter.
 25561 | Gauntlet | Noticed a spark wasp
 25561 | Gauntlet | an ice dragon changed into a spark wasp
 25567 | Gauntlet | a spark wasp changed into a satyr
 25571 | Gauntlet | Found a transporter.
 25592 | Gauntlet | Found a transporter.
 25605 | Gauntlet | Found a transporter.
 25607 | Gauntlet | Found a transporter.
 25632 | Gauntlet | Found a transporter.
 25634 | Gauntlet | Found a transporter.
 25924 | Gauntlet | Found a transporter.
 26031 | Gauntlet | Identified the +1 hat of Makhleb's Respect {Fly}
 26222 | Gauntlet | Noticed a minotaur
 26239 | Gauntlet | Identified Gecwylil's Handbook of the Supportive Voyage
 26818 | Lair:5   | Acquired a staff of earth
 27176 | Lair:5   | Gained mutation: You have acidic saliva. [Yellow Draconian
                  | growth]
 27176 | Lair:5   | Reached XP level 14. HP: 130/130 MP: 11/21
 28251 | Lair:6   | Entered Level 6 of the Lair of Beasts
 28464 | Lair:6   | Reached skill level 1 in Staves
 28464 | Lair:6   | Reached skill level 1 in Evocations
 28736 | Lair:6   | Offered knowledge of Spellforged Servitor by Vehumet.
 29956 | Lair:6   | Found a staircase to the Slime Pits.
 30893 | Lair:6   | Reached skill level 5 in Staves
 30893 | Lair:6   | Reached skill level 5 in Evocations
 32459 | D:12     | Offered knowledge of Freezing Cloud by Vehumet.
 32942 | D:13     | Noticed Erolcha
 33013 | Orc:1    | Entered Level 1 of the Orcish Mines
 33775 | Orc:1    | Reached XP level 15. HP: 137/137 MP: 13/23
 33784 | Orc:1    | Identified the +10 glaive of Might {holy, rN+}
 33789 | Orc:1    | Identified the +7 scythe of the Mind {flame, +Rage rElec
                  | Int-3}
 35717 | Orc:1    | Noticed a frost giant
 35723 | Orc:1    | Killed a frost giant
 35971 | Orc:1    | Identified the +4 long sword "Jile" {vorpal, Fly Int+4
                  | Dex+4}
 35973 | Orc:1    | Identified the +9 dagger of Gozag's Wrath {vorpal, rPois
                  | Str+2}
 36028 | Orc:2    | Entered Level 2 of the Orcish Mines
 36028 | Orc:2    | Noticed Urug
 36033 | Orc:2    | Killed Urug
 36711 | Orc:2    | Offered knowledge of Ozocubu's Refrigeration by Vehumet.
 36866 | Orc:2    | Reached skill level 1 in Fire Magic
 37226 | Orc:2    | Found Bicvabbo's Book Emporium.
 37226 | Orc:2    | Found Luoguth's Weapon Shop.
 37370 | Orc:2    | Found Gedel's Jewellery Emporium.
 37370 | Orc:2    | Found Punido's Armour Shop.
 37391 | Orc:2    | Bought the +0 pair of fencer's gloves {Riposte Dex+3} for
                  | 680 gold pieces
 37391 | Orc:2    | Found the +0 pair of fencer's gloves {Riposte Dex+3}
 37547 | Orc:2    | Found a staircase to the Elven Halls.
 37987 | Orc:2    | Learned a level 7 spell: Ozocubu's Refrigeration
 38143 | D:13     | Found Racec's Book Boutique.
 38152 | D:13     | Found Elehadgh's Antique Weapon Boutique.
 38228 | D:13     | Killed Erolcha
 38281 | D:13     | Reached skill level 1 in Ice Magic
 38364 | D:13     | Found Igunan's Book Shop.
 38476 | D:13     | Identified the Grimoire of the Mutagenic Blaze
 38587 | D:13     | Found Naur's Jewellery Boutique.
 38694 | D:13     | Found a gate to the Vaults.
 38705 | D:13     | Reached skill level 2 in Ice Magic
 38751 | D:13     | Reached skill level 3 in Ice Magic
 39063 | D:13     | Found Yngaol's Antique Armour Shop.
 39221 | D:13     | Offered knowledge of Orb of Destruction by Vehumet.
 39735 | D:14     | Found Cirepn's Antique Armour Shoppe.
 39770 | D:14     | Found Roiff's General Store.
 39777 | D:14     | Bought a scroll of teleportation for 39 gold pieces
 39818 | D:14     | Reached skill level 4 in Ice Magic
 39991 | D:14     | Found a frozen archway.
 40110 | IceCv    | Entered an ice cave
 40679 | IceCv    | Found an ancient bone altar of Kikubaaqudgha.
 40708 | IceCv    | Reached skill level 5 in Ice Magic
 41261 | D:14     | Reached XP level 16. HP: 124/145 MP: 28/28
 41359 | D:14     | Reached ****** piety under Vehumet
 41359 | D:14     | Offered knowledge of Conjure Ball Lightning by Vehumet.
 41537 | D:14     | Reached skill level 6 in Ice Magic
 41666 | D:14     | Found Juocs's Antique Armour Shoppe.
 42043 | D:14     | Bought a buckler for 130 gold pieces
 42131 | D:15     | Entered Level 15 of the Dungeon
 42136 | D:15     | Found a portal to a secret trove of treasure.
 42628 | D:15     | Reached skill level 1 in Shields
 42791 | D:15     | Found a staircase to the Depths.
 42972 | D:15     | Found the +7 mace of Variability {chain chaos}
 42973 | D:15     | Found a shimmering altar of Xom.
 43028 | D:15     | Reached skill level 7 in Ice Magic
 43145 | D:15     | Found a glowing golden altar of the Shining One.
 43145 | D:15     | Found a glowing silver altar of Zin.
 43146 | D:15     | Found a white marble altar of Elyvilon.
 43990 | Elf:1    | Entered Level 1 of the Elven Halls
 44356 | Elf:1    | Reached skill level 8 in Ice Magic
 44848 | Elf:1    | Reached skill level 10 in Spellcasting
 44848 | Elf:1    | Reached skill level 9 in Ice Magic
 45274 | Elf:1    | Found Uzxirr's Assorted Antiques.
 45285 | Elf:1    | Bought a scroll of acquirement for 1352 gold pieces
 45285 | Elf:1    | Bought a scroll of teleportation for 78 gold pieces
 45285 | Elf:1    | Acquired 976 gold pieces
 45362 | Elf:1    | Reached skill level 10 in Ice Magic
 45883 | Elf:1    | Reached skill level 11 in Ice Magic
 46826 | Elf:1    | Reached skill level 12 in Ice Magic
 47145 | Snake:1  | Entered Level 1 of the Snake Pit
 48102 | Snake:1  | Reached skill level 13 in Ice Magic
 49143 | Snake:1  | You are sucked into a shaft and drop 1 floor!
 49857 | Snake:2  | Reached skill level 14 in Ice Magic
 50547 | Snake:2  | Noticed thegreatwait's ghost (adept MiMo)
 50550 | Snake:2  | Found a bloodstained altar of Trog.
 50720 | Snake:2  | Reached skill level 5 in Shields
 50732 | Snake:2  | Found a transporter.
 50732 | Snake:2  | Identified Roxanne's Tome of the Rocks
 50732 | Snake:2  | Noticed Roxanne
 50746 | Snake:2  | Reached XP level 17. HP: 133/151 MP: 21/31
 50833 | Snake:2  | You are sucked into a shaft and drop 1 floor!
 51475 | Snake:2  | Offered knowledge of Lehudib's Crystal Spear by Vehumet.
 51475 | Snake:2  | Offered knowledge of Fire Storm by Vehumet.
 51475 | Snake:2  | Offered knowledge of Absolute Zero by Vehumet.
 52138 | Snake:2  | Found a transporter.
 52870 | Snake:3  | Found Sasoent's Jewellery Emporium.
 53577 | Snake:4  | Entered Level 4 of the Snake Pit
 53675 | Snake:4  | Reached skill level 15 in Ice Magic
 54249 | Snake:4  | Identified the Compendium of the Maze
 55129 | Snake:4  | Noticed Vashnia
 55134 | Snake:4  | Killed Vashnia
 55135 | Snake:4  | Reached skill level 16 in Ice Magic
 55402 | Snake:4  | Reached skill level 10 in Shields
 56368 | Snake:4  | Reached skill level 17 in Ice Magic
 56495 | Snake:4  | Reached XP level 18. HP: 155/159 MP: 18/32
 56972 | Snake:4  | Got a serpentine rune of Zot
 57437 | Shoals:1 | Entered Level 1 of the Shoals
 59158 | Shoals:1 | Identified the +8 dagger of Zuxat {flame, Str+3}
 59395 | Shoals:1 | Acquired a book of the Earth
 59422 | Shoals:1 | Identified the +0 hat of Buammim {Harm Rampage Regen+
                  | Int-5}
 59653 | Shoals:2 | Reached skill level 18 in Ice Magic
 61368 | Shoals:3 | Found Beg Kesa's Distillery.
 61649 | Shoals:3 | Bought a potion of heal wounds for 85 gold pieces
 61649 | Shoals:3 | Bought a potion of heal wounds for 85 gold pieces
 61673 | Shoals:3 | Identified the +3 scale mail of Depression {Dex+4 SInv}
 63074 | Shoals:4 | Entered Level 4 of the Shoals
 63860 | Shoals:4 | Reached XP level 19. HP: 166/166 MP: 22/33
 64089 | Shoals:4 | Identified the amulet "Peos" {RegenMP *Slow rPois rC+
                  | Str+4}
 64984 | Shoals:4 | Reached skill level 19 in Ice Magic
 65478 | Shoals:4 | Got a barnacled rune of Zot
 65576 | Shoals:4 | Noticed Mara
 65585 | Shoals:4 | Noticed tardwrangler69's illusion
 65587 | Shoals:4 | Killed Mara
 66465 | Elf:2    | Found Rumunenn's Armour Boutique.
 66475 | Elf:2    | Found Fuollet's Jewellery Boutique.
 66630 | Elf:2    | Found a ruined gateway.
 66650 | Desolati | Entered the Desolation of Salt
 67533 | Desolati | HP: 2/146 [halazid warlock/ghostly fireball (45)]
 67533 | Desolati | Killed from afar by a molten gargoyle

Illustrated notes

Levels and vault maps discovered:
D:1:      eino_arrival_cavern_b, layout_rooms,
          shapermc_ecumenical_altar_mp_vishouse, serial_shops, shop,
          chequers_jeans, nrook_loot_triangle, minmay_quantized
D:2:      layout_basic, grunt_ministairs_3, roderic_lattice_a,
          kennysheep_crisscross, corexii_shack, uniq_sigmund,
          uniq_crazy_yiuf_cottage
D:3:      layout_basic, portal_sewer_entry_f, serial_park_tiny_1, st_stairs_3
D:4:      layout_basic
D:5:      layout_loops_ring, general_overflow_altar,
          nemelex_diamond_rough_becter, minmay_temple_entry_slanted,
          ebering_ghost_rock_garden, serial_glass, glass_columns_b,
          glass_columns_a, kennysheep_generic_room_9, uniq_blork_the_orc,
          uniq_ijyb
D:6:      minmay_general_purpose_star, layout_gridville
D:7:      minmay_the_grid_triangle_9x9_rhombus_full
          [minmay_the_grid_triangle_9x9_negative_grid,
          minmay_the_grid_triangle_9x9_tough_junction,
          minmay_the_grid_triangle_9x9_intruding_spiral,
          minmay_the_grid_triangle_9x9_corrupted_corridor,
          minmay_the_grid_triangle_9x9_semitri,
          minmay_the_grid_triangle_9x9_impossible_snake,
          minmay_the_grid_triangle_9x9_subtriangle,
          minmay_the_grid_triangle_9x9_prize_top_heavy], layout_basic,
          okawaru_altar_gauntlet_db, grunt_temple_overflow_open,
          guppyfry_early_elven_hall
D:8:      layout_gridville, minmay_liquid_box, minmay_door_square, uniq_pikel
D:9:      nicolae_whirlpool, layout_loops_ring, ebering_ghost_disaster_area,
          jiyva_altar_1
D:10:     layout_basic, orc_0_dummy, david_greed
D:11:     layout_basic, lair_entry_dummy, minivault_4, lemuel_nasty_fountain,
          uniq_erica
D:12:     layout_rooms
D:13:     layout_basic, lightli_vaults_fourway_checkpoint, serial_shops,
          nicolae_shop_crystal, nicolae_shop_behind_doors, nicolae_shop_crystal,
          shop_fountains, shop, uniq_erolcha
D:14:     layout_irregular_city, portal_ice_cave_entry_ice_beasts,
          minmay_misc_feat_five, serial_shops, nicolae_shop_behind_doors,
          nicolae_shop_stone, nicolae_shop_statue_plus, wad_mini_maze
D:15:     grunt_enter_depths_hoard, layout_irregular_city, enter_trove_2,
          good_gods_mini_temple, minmay_guarded_unrand_variability
Temple:   regret_index_temple_generic_petals
Lair:1:   layout_misc_corridors, infiniplex_staircase_pool
Lair:2:   lemuel_reptile_caves, layout_cave_pods, shoals_dummy_entry
Lair:3:   layout_hall_layers, minmay_snake_entry_guardpost_small,
          roderic_carrion_pond, uniq_prince_ribbit2
Lair:4:   layout_cave_pods, chequers_serial_rivers_large_b, grunt_megastairs_1,
          uniq_sonja
Lair:5:   layout_hall_layers, gauntlet_entry_generic, beast_lair_carwin_7
Lair:6:   evilmike_catoblepas_cave, layout_loops_ring,
          minmay_slime_entry_jelly_boxes, lemuel_fruit_fields
Shoals:1: layout_shoals, st_sunken_temple
Shoals:2: layout_shoals
Shoals:3: cheibrodos_shoals_oceanic_diplomacy, layout_shoals, serial_shops,
          shop_statue, nicolae_shoals_loop_pool
Shoals:4: shoals_end_grunt_garden, layout_shoals, nicolae_shoals_hunting_party,
          uniq_mara
Snake:1:  layout_layer_cave
Snake:2:  layout_layer_cave, gammafunk_ghost_wrathful_warriors, uniq_roxanne
Snake:3:  layout_gridlike, minmay_shop_star
Snake:4:  johnstein_snake_rune_scales, layout_cave_shapes
Orc:1:    giant_chief_lemuel, layout_caves
Orc:2:    st_orc_town, layout_caves, uniq_urug
Elf:1:    eino_elf_arrival_the_gate, layout_geoelf_grid, serial_shops, shop,
          hangedman_elf_represent, hangedman_elf_targetted_burst,
          grunt_megastairs_3
Elf:2:    layout_onion_city, portal_desolation_entry_twin_temple, serial_shops,
          shop, nicolae_shop_window_shopping, minmay_strange_pillars,
          uniq_donald
Desolation

Skill      XL: |  1  2  3  4  5  6  7  8  9 10 11 12 13 14 15 16 17 18 19 |
---------------+----------------------------------------------------------+-----
Earth Magic    | 4 5 6 7 9 12 13 14 | 14.4
Spellcasting   | 3 4 5 8 10 | 10.0
Conjurations   | 2 4 5 8 |  8.0
Dodging        | 2 5 8 9 10 | 10.0
Fighting       | 2 6 9 11 13 | 13.8
Poison Magic   | 4 7 8 |  8.0
Staves         | 6 8 |  8.7
Evocations     | 6 8 |  8.0
Fire Magic     | 1 |  1.0
Ice Magic      | 5 14 17 18 19 | 19.7
Shields        | 5 10 13 14 | 14.9
Stealth        | |  1.7
Transmutations | |  1.0

Action                   |  1- 3 |  4- 6 |  7- 9 | 10-12 | 13-15 | 16-18 | 19-21 || total
-------------------------+-------+-------+-------+-------+-------+-------+-------++-------
Melee: Unarmed           |    21 |       |       |       |       |       |       ||    21
       Dagger            |    53 |       |       |       |       |       |       ||    53
       Tailslap          |     8 |     5 |    12 |     6 |    36 |    34 |    24 ||   125
       Short sword       |    49 |   114 |    20 |       |       |       |       ||   183
       Whip              |       |       |    98 |    65 |    10 |       |       ||   173
       Staff             |       |       |       |       |   267 |   218 |   111 ||   596
       Bite              |       |       |       |       |    28 |    27 |    16 ||    71
 Cast: Sandblast         |    13 |    53 |    78 |   150 |   197 |    25 |     2 ||   518
       Stone Arrow       |       |       |    73 |   153 |   347 |   506 |    87 ||  1166
       Lee's Rapid Decon |       |       |     1 |    18 |    54 |    72 |     8 ||   153
       Olgreb's Toxic Ra |       |       |       |    30 |   117 |     4 |       ||   151
       Ignite Poison     |       |       |       |     1 |    47 |     2 |       ||    50
       Iskenderun's Batt |       |       |       |       |    14 |     1 |       ||    15
       Ozocubu's Refrige |       |       |       |       |       |   141 |    47 ||   188
 Abil: Breathe Acid      |       |       |     2 |     3 |     2 |     1 |       ||     8
Evoke: Phantom mirror    |       |       |       |       |       |     1 |     1 ||     2
  Use: Scroll            |       |       |       |    12 |    14 |    15 |     6 ||    47
       Potion            |       |       |       |       |     1 |       |     7 ||     8
 Stab: Sleeping          |     2 |     3 |     2 |       |       |       |       ||     7
       Petrified         |       |       |       |       |    10 |       |       ||    10
       Distracted        |       |       |       |       |       |     2 |       ||     2
Armor: Skin              |    34 |    46 |    60 |    93 |   184 |    86 |    30 ||   533
Dodge: Dodged            |   113 |    79 |   105 |   167 |   370 |   169 |    58 ||  1061
Block: Other             |       |    21 |    53 |    52 |   119 |     2 |       ||   247
       Reflection        |       |     2 |     7 |    13 |    13 |    78 |    10 ||   123
       Buckler           |       |       |       |       |       |    51 |       ||    51
       Kite shield       |       |       |       |       |       |   256 |   143 ||   399
       Rpst.: Staff      |       |       |       |       |    24 |    25 |    14 ||    63

Table legend: (Time is in decaauts)
 A = Elapsed time spent in this place.
 B = Non-inter-level travel time spent in this place.
 C = Inter-level travel time spent in this place.
 D = Time resting spent in this place.
 E = Time spent auto-exploring this place.
 F = Levels seen in this place.
 G = Mean time per level.
                   A        B        C        D        E       F      G
               +--------+--------+--------+--------+--------+-----+--------+
         Total |  67712 |  65133 |   2579 |   8311 |  47905 |  37 | 1830.1 |
       Dungeon |  25480 |  24346 |   1134 |   1650 |  19986 |  15 | 1698.7 |
        Temple |    161 |    102 |     59 |      0 |    101 |   1 |  161.0 |
          Lair |  13306 |  12758 |    548 |   1941 |   9256 |   6 | 2217.7 |
        Shoals |   8639 |   8427 |    212 |   1462 |   5761 |   4 | 2159.8 |
     Snake Pit |   9336 |   9152 |    184 |   1885 |   6011 |   4 | 2334.0 |
  Orcish Mines |   5280 |   4890 |    390 |    708 |   3153 |   2 | 2640.0 |
   Elven Halls |   2674 |   2623 |     51 |     96 |   2019 |   2 | 1337.0 |
      Ice Cave |   1045 |   1045 |      0 |      0 |    820 |   1 | 1045.0 |
    Desolation |    875 |    875 |      0 |    569 |    129 |   1 |  875.0 |
      Gauntlet |    910 |    910 |      0 |      0 |    668 |   1 |  910.0 |
               +--------+--------+--------+--------+--------+-----+--------+

Top non-repeatable levels by time:
Shoals:3: 3477 daAuts
  Lair:5: 3313 daAuts
 Snake:3: 3030 daAuts
    D:11: 2896 daAuts
   Orc:1: 2802 daAuts
   Elf:1: 2512 daAuts
   Orc:2: 2478 daAuts
 Snake:1: 2380 daAuts
  Lair:6: 2286 daAuts
  Lair:2: 2211 daAuts
     D:5: 2175 daAuts
 Snake:2: 2156 daAuts
     D:2: 2110 daAuts
Shoals:1: 2090 daAuts
  Lair:3: 2089 daAuts
